Jets vs Panthers

Created - April 1, 2025 at 19:16

Goals
1 2 3 T
Jets 0 0 1 1
Panthers 2 0 0 2
Shots
1 2 3 T
Jets 5 10 9 24
Panthers 12 7 16 35

1st period

1. Panthers , Nick Schmaltz 10 (Alex Galchenyuk 19, Alex Pietrangelo 35) at 4:18
2. Panthers , Derick Brassard 15 (Aleksander Barkov 23, Matt Duchene 42) at 10:52

Penalties :
Drake Batherson (Flo) for Roughing (Minor) at 13:32

2nd period

No Goal

Penalties :
Mirco Mueller (Win) for Roughing (Minor) at 3:08

3rd period

3. Jets , Roope Hintz 11 (Frank Vatrano 12) at 6:28

Penalties :
Dougie Hamilton (Win) for Holding (Minor) at 18:17

Goalie Stats

Jacob Markstrom (Win), 33 saves from 35 shots - (0.943), L, 30-23-3, 60:00 minutes
Jonathan Bernier (Flo), 23 saves from 24 shots - (0.958), W, 1-1-0, 60:00 minutes

Players Stats for Jets

Player Name              G  A  P  +/- PIM S  H  SB GA TA FO     MP     PP MP  PK MP  
------------------------------------------------------------------------------------
Adam Gaudette            0  0  0   0  0   0  1  0  1  0  0/0    11:41   0:00   0:00 
Adam Larsson             0  0  0   0  0   1  5  4  1  0  0/0    27:06   0:00   2:51 
Alex Tuch                0  0  0  -2  0   1  1  1  0  0  1/1    18:26   0:45   0:00 
Anthony Mantha           0  0  0  -2  0   4  2  0  0  0  0/0    20:05   0:50   1:34 
Dougie Hamilton          0  0  0   0  2   0  4  0  0  1  0/0    22:06   1:08   0:37 
Dylan Strome             0  0  0   0  0   3  2  0  1  1  10/27  18:08   0:57   0:17 
Erik Cernak              0  0  0  -1  0   0  1  4  0  1  0/0    15:56   0:00   0:13 
Frank Vatrano            0  1  1   1  0   1  0  0  0  0  0/0     8:14   0:00   0:00 
Jack Roslovic            0  0  0   0  0   3  2  0  0  2  1/2    17:37   1:02   0:00 
Matt Martin              0  0  0   0  0   1  0  0  0  0  0/0    13:53   0:12   2:00 
Mirco Mueller            0  0  0  -1  2   0  0  0  0  0  0/0    11:24   0:00   0:00 
Pavel Buchnevich         0  0  0   0  0   1  3  0  2  0  0/0    17:34   0:57   0:02 
Roope Hintz              1  0  1   1  0   1  1  0  0  0  1/2     9:11   0:24   0:30 
Ryan Murray              0  0  0   0  0   1  0  0  0  0  0/0    21:21   0:51   2:15 
Sam Reinhart             0  0  0   0  0   0  1  0  1  0  5/8    13:41   1:08   0:56 
Samuel Blais             0  0  0   1  0   1  1  1  0  0  0/0     8:14   0:00   0:00 
Troy Stetcher            0  0  0   0  0   3  1  2  0  0  0/0    21:06   0:51   1:26 
Tyler Seguin             0  0  0  -2  0   3  1  2  0  2  13/29  20:34   0:50   2:03 

Players Stats for Panthers

Player Name              G  A  P  +/- PIM S  H  SB GA TA FO     MP     PP MP  PK MP  
------------------------------------------------------------------------------------
Aaron Ekblad             0  0  0   0  0   3  3  0  0  2  0/0    26:24   2:01   0:52 
Aleksander Barkov        0  1  1   1  0   3  0  0  0  0  10/15  17:46   1:43   0:50 
Alex Galchenyuk          0  1  1   1  0   4  2  0  0  0  1/3    21:46   1:58   0:26 
Alex Pietrangelo         0  1  1   0  0   4  3  1  2  1  0/0    25:32   2:01   0:00 
Chris Bourque            0  0  0  -1  0   1  1  0  0  0  0/0    11:56   0:00   0:00 
Danny DeKeiser           0  0  0   0  0   0  1  0  0  0  0/0    20:22   1:40   1:07 
Derick Brassard          1  0  1   1  0   4  2  0  1  1  0/0    16:55   1:43   0:00 
Dmitrij Jaskin           0  0  0   0  0   3  0  0  1  0  0/0     7:52   0:03   0:00 
Dominik Kahun            0  0  0   0  0   1  1  0  1  0  2/3     8:15   0:00   0:26 
Drake Batherson          0  0  0   1  2   1  1  0  0  0  0/1    16:55   1:43   0:00 
Griffin Reinhart         0  0  0   1  0   0  0  1  1  0  0/0    14:46   1:40   0:00 
Jordan Szwarz            0  0  0  -1  0   0  3  2  0  0  0/0    12:25   0:00   0:29 
Matt Duchene             0  1  1   1  0   4  1  1  1  1  17/33  21:20   1:58   0:00 
Miro Aaltonen            0  0  0  -1  0   1  1  0  0  0  7/9    12:39   0:00   0:43 
Nick Schmaltz            1  0  1   1  0   2  1  0  0  0  1/5    22:22   1:55   1:04 
Niklas Hansson           0  0  0   0  0   3  2  1  0  1  0/0    18:50   0:00   1:07 
Nikolay Goldobin         0  0  0   0  0   1  0  0  0  0  0/0     7:49   0:00   0:00 
Radim Simek              0  0  0   1  0   0  2  1  0  0  0/0    14:06   0:00   0:52 

3 Stars

1 - Derick Brassard (Flo)
2 - Jonathan Bernier (Flo)
3 - Nick Schmaltz (Flo)

Power Play

Jets - 0 on 1 Attempt(s) - 0.00%
Panthers - 0 on 2 Attempt(s) - 0.00%

Penalty Kill

Jets - 2 on 2 Attempt(s) - 100.00% - Score 0 goal in Penalty Kill
Panthers - 1 on 1 Attempt(s) - 100.00% - Score 0 goal in Penalty Kill

Team Stat

Jets - Hits : 26 - Faceoff Wins : 31 - Blocked Shots : 14 - Penalty Minutes : 4
Panthers - Hits : 24 - Faceoff Wins : 38 - Blocked Shots : 7 - Penalty Minutes : 2

Official

Referees : Justin St. Pierre and Jean Hebert
Linesman : Mark Shewchyk and Derek Nansen

Game Notes

No Game Note

Finance

Level 1 -- Attendance: 5492 (91.53%) -- Ticket Income $549,200
Level 2 -- Attendance: 5000 (100.00%) -- Ticket Income $350,000
Level 3 -- Attendance: 1876 (93.80%) -- Ticket Income $75,040
Level 4 -- Attendance: 4000 (100.00%) -- Ticket Income $120,000
Luxury Box -- Attendance: 942 (94.20%) -- Ticket Income $188,400
Game was played at the BBT Center.
Total Attendance: 17310 (96.17%)
Total Ticket Income: $1,282,640
Other Income: $192,396
Total Income: $1,475,036

Jets

5 vs 5 Forward 
   Center                   Left Wing                Right Wing               Time % Phy DF OF 
 1 Tyler Seguin             Anthony Mantha           Alex Tuch                35     1   2  2  
 2 Dylan Strome             Pavel Buchnevich         Jack Roslovic            35     1   2  2  
 3 Sam Reinhart             Matt Martin              Adam Gaudette            20     1   2  2  
 4 Roope Hintz              Samuel Blais             Frank Vatrano            10     1   2  2  

5 vs 5 Defense 
   Defense                  Defense                                           Time % Phy DF OF 
 1 Dougie Hamilton          Adam Larsson                                      40     1   2  2  
 2 Ryan Murray              Troy Stetcher                                     30     1   2  2  
 3 Erik Cernak              Mirco Mueller                                     20     1   2  2  
 4 Erik Cernak              Adam Larsson                                      10     1   2  2  

PowerPlay Forward 
   Center                   Left Wing                Right Wing               Time % Phy DF OF 
 1 Tyler Seguin             Anthony Mantha           Jack Roslovic            60     1   1  3  
 2 Dylan Strome             Pavel Buchnevich         Alex Tuch                40     1   1  3  

PowerPlay Defense
   Defense                  Defense                                           Time % Phy DF OF 
 1 Dougie Hamilton          Sam Reinhart                                      60     1   2  2  
 2 Ryan Murray              Troy Stetcher                                     40     1   2  2  

Penalty Kill 4 Players Forward 
   Center                   Wing                     Time % Phy DF OF 
 1 Tyler Seguin             Matt Martin              60     1   2  2  
 2 Roope Hintz              Anthony Mantha           40     1   2  2  

Penalty Kill 4 Players Defense
   Defense                  Defense                  Time % Phy DF OF 
 1 Adam Larsson             Ryan Murray              60     1   2  2  
 2 Dougie Hamilton          Troy Stetcher            40     1   2  2  

Penalty Kill - 3 Players Forward 
   Forward                                           Time % Phy DF OF 
 1 Tyler Seguin                                      60     1   2  2  
 2 Matt Martin                                       40     1   2  2  

Penalty Kill - 3 Players Defense
   Defense                  Defense                  Time % Phy DF OF 
 1 Adam Larsson             Ryan Murray              60     1   2  2  
 2 Dougie Hamilton          Troy Stetcher            40     1   2  2  

4 vs 4 Forward 
   Center                   Wing                     Time % Phy DF OF 
 1 Tyler Seguin             Jack Roslovic            60     1   2  2  
 2 Dylan Strome             Anthony Mantha           40     1   2  2  

4 vs 4 Defense
   Defense                  Defense                  Time % Phy DF OF 
 1 Adam Larsson             Ryan Murray              60     1   2  2  
 2 Dougie Hamilton          Troy Stetcher            40     1   2  2  

Last Minutes Offensive
   Center                   Left Wing                Right Wing               Defense                  Defense                  
   Tyler Seguin             Anthony Mantha           Jack Roslovic            Adam Larsson             Ryan Murray              

Last Minutes Defensive
   Center                   Left Wing                Right Wing               Defense                  Defense                  
   Tyler Seguin             Anthony Mantha           Jack Roslovic            Adam Larsson             Ryan Murray              

Goaltenders
Starting : Jacob Markstrom          
Backup : James Reimer             

Extra Forwards
Normal : Dylan Strome, Roope Hintz, Sam Reinhart - PP : Dylan Strome, Roope Hintz - PK : Sam Reinhart
Extra Defensemen
Normal : Erik Cernak, Mirco Mueller, Troy Stetcher - PP : Erik Cernak - PK : Ryan Murray, Dougie Hamilton
Penalty Shots
Tyler Seguin, Pavel Buchnevich, Adam Gaudette, Anthony Mantha, Jack Roslovic
Custom OT Lines Forwards
Tyler Seguin, Anthony Mantha, Jack Roslovic, Pavel Buchnevich, Sam Reinhart, Alex Tuch, Dylan Strome, Roope Hintz, Adam Gaudette, Frank Vatrano
Custom OT Lines Defensemen
Adam Larsson, Ryan Murray, Dougie Hamilton, Troy Stetcher, Erik Cernak

Scratches
Ryan Johansen (Bruised Right Shoulder Injury)

Panthers

5 vs 5 Forward 
   Center                   Left Wing                Right Wing               Time % Phy DF OF 
 1 Matt Duchene             Alex Galchenyuk          Nick Schmaltz            40     0   2  3  
 2 Aleksander Barkov        Derick Brassard          Drake Batherson          30     0   2  3  
 3 Miro Aaltonen            Chris Bourque            Jordan Szwarz            20     1   2  2  
 4 Dominik Kahun            Nikolay Goldobin         Dmitrij Jaskin           10     1   2  2  

5 vs 5 Defense 
   Defense                  Defense                                           Time % Phy DF OF 
 1 Alex Pietrangelo         Aaron Ekblad                                      40     0   3  2  
 2 Danny DeKeiser           Niklas Hansson                                    30     0   3  2  
 3 Griffin Reinhart         Radim Simek                                       20     0   3  2  
 4 Alex Pietrangelo         Aaron Ekblad                                      10     0   3  2  

PowerPlay Forward 
   Center                   Left Wing                Right Wing               Time % Phy DF OF 
 1 Matt Duchene             Alex Galchenyuk          Nick Schmaltz            60     0   1  4  
 2 Aleksander Barkov        Derick Brassard          Drake Batherson          40     0   1  4  

PowerPlay Defense
   Defense                  Defense                                           Time % Phy DF OF 
 1 Alex Pietrangelo         Aaron Ekblad                                      60     0   2  3  
 2 Danny DeKeiser           Griffin Reinhart                                  40     0   2  3  

Penalty Kill 4 Players Forward 
   Center                   Wing                     Time % Phy DF OF 
 1 Aleksander Barkov        Nick Schmaltz            60     1   3  1  
 2 Miro Aaltonen            Jordan Szwarz            40     1   3  1  

Penalty Kill 4 Players Defense
   Defense                  Defense                  Time % Phy DF OF 
 1 Danny DeKeiser           Niklas Hansson           60     1   4  0  
 2 Aaron Ekblad             Radim Simek              40     1   4  0  

Penalty Kill - 3 Players Forward 
   Forward                                           Time % Phy DF OF 
 1 Nick Schmaltz                                     60     1   3  1  
 2 Aleksander Barkov                                 40     1   3  1  

Penalty Kill - 3 Players Defense
   Defense                  Defense                  Time % Phy DF OF 
 1 Danny DeKeiser           Niklas Hansson           60     1   4  0  
 2 Aaron Ekblad             Radim Simek              40     1   4  0  

4 vs 4 Forward 
   Center                   Wing                     Time % Phy DF OF 
 1 Matt Duchene             Alex Galchenyuk          60     0   2  3  
 2 Aleksander Barkov        Drake Batherson          40     0   2  3  

4 vs 4 Defense
   Defense                  Defense                  Time % Phy DF OF 
 1 Alex Pietrangelo         Aaron Ekblad             60     0   3  2  
 2 Danny DeKeiser           Niklas Hansson           40     0   3  2  

Last Minutes Offensive
   Center                   Left Wing                Right Wing               Defense                  Defense                  
   Matt Duchene             Alex Galchenyuk          Nick Schmaltz            Alex Pietrangelo         Aaron Ekblad             

Last Minutes Defensive
   Center                   Left Wing                Right Wing               Defense                  Defense                  
   Aleksander Barkov        Derick Brassard          Nick Schmaltz            Aaron Ekblad             Niklas Hansson           

Goaltenders
Starting : Jonathan Bernier         
Backup : Ville Husso              

Extra Forwards
Normal : Aleksander Barkov, Drake Batherson, Matt Duchene - PP : Nick Schmaltz, Matt Duchene - PK : Miro Aaltonen
Extra Defensemen
Normal : Niklas Hansson, Alex Pietrangelo, Aaron Ekblad - PP : Radim Simek - PK : Radim Simek, Niklas Hansson
Penalty Shots
Drake Batherson, Miro Aaltonen, Alex Galchenyuk, Matt Duchene, Aleksander Barkov
Custom OT Lines Forwards
Matt Duchene, Alex Galchenyuk, Aleksander Barkov, Drake Batherson, Nick Schmaltz, Jordan Szwarz, Miro Aaltonen, Derick Brassard, Nikolay Goldobin, Chris Bourque
Custom OT Lines Defensemen
Alex Pietrangelo, Aaron Ekblad, Danny DeKeiser, Niklas Hansson, Radim Simek

Scratches
John Draeger (Healthy), Zac Rinaldo (Healthy)

% Time on Ice - Jets

Lines # - Real PCT - Wanted PCT - Time Play
Normal Forward
1 - 33% - 35% - 17:41
2 - 31% - 35% - 16:44
3 - 22% - 20% - 11:41
4 - 15% - 10% - 8:14
Normal Defense
1 - 37% - 40% - 20:13
2 - 34% - 30% - 18:24
3 - 21% - 20% - 11:16
4 - 8% - 10% - 4:27
PP Forward
1 - 52% - 60% - 1:02
2 - 48% - 40% - 0:57
PP Defense
1 - 57% - 60% - 1:08
2 - 43% - 40% - 0:51
PK Forward
1 - 86% - 60% - 3:11
2 - 14% - 40% - 0:30
PK Defense
1 - 55% - 60% - 2:02
2 - 45% - 40% - 1:39
PK3 Forward
1 - 0% - 60%
2 - 0% - 40%
PK3 Defense
1 - 0% - 60%
2 - 0% - 40%
44 Forward
1 - 0% - 60%
2 - 0% - 40%
44 Defense
1 - 0% - 60%
2 - 0% - 40%
Last Minute Offensive  - 0:00
Last Minute Defensive  - 0:00
Total
Forward - 60:00
Defense - 60:00

% Time on Ice - Panthers

Lines # - Real PCT - Wanted PCT - Time Play
Normal Forward
1 - 36% - 40% - 19:23
2 - 28% - 30% - 15:12
3 - 22% - 20% - 11:56
4 - 14% - 10% - 7:49
Normal Defense
1 - 36% - 40% - 19:39
2 - 33% - 30% - 18:08
3 - 23% - 20% - 12:40
4 - 7% - 10% - 3:53
PP Forward
1 - 53% - 60% - 1:58
2 - 47% - 40% - 1:43
PP Defense
1 - 55% - 60% - 2:01
2 - 45% - 40% - 1:40
PK Forward
1 - 76% - 60% - 1:30
2 - 24% - 40% - 0:29
PK Defense
1 - 56% - 60% - 1:07
2 - 44% - 40% - 0:52
PK3 Forward
1 - 0% - 60%
2 - 0% - 40%
PK3 Defense
1 - 0% - 60%
2 - 0% - 40%
44 Forward
1 - 0% - 60%
2 - 0% - 40%
44 Defense
1 - 0% - 60%
2 - 0% - 40%
Last Minute Offensive  - 0:00
Last Minute Defensive  - 0:00
Total
Forward - 60:00
Defense - 60:00

Play-by-Play

1st period


0:01 of 1st period - Tyler Seguin wins face-off versus Matt Duchene in neutral zone.
0:26 of 1st period - Adam Larsson is hit by Aaron Ekblad and loses puck.
0:35 of 1st period - Snap shot by Pavel Buchnevich.
0:35 of 1st period - Shot Misses the Net.
0:37 of 1st period - Backhand shot by Troy Stetcher.
0:37 of 1st period - Stopped by Jonathan Bernier without a rebound.
0:38 of 1st period - Sam Reinhart wins face-off versus Miro Aaltonen in Panthers zone.
1:41 of 1st period - Snap shot by Drake Batherson.
1:41 of 1st period - Shot Blocked by Erik Cernak.
1:59 of 1st period - Nick Schmaltz is hit by Pavel Buchnevich and loses puck.
2:15 of 1st period - Icing by Nick Schmaltz.
2:16 of 1st period - Sam Reinhart wins face-off versus Matt Duchene in Panthers zone.
2:23 of 1st period - Snap shot by Matt Martin.
2:23 of 1st period - Stopped by Jonathan Bernier without a rebound.
2:24 of 1st period - Sam Reinhart wins face-off versus Dominik Kahun in Panthers zone.
2:35 of 1st period - Off-side.
2:36 of 1st period - Miro Aaltonen wins face-off versus Dylan Strome in neutral zone.
2:41 of 1st period - Slapshot by Alex Pietrangelo.
2:41 of 1st period - Deflect By Jordan Szwarz.
2:41 of 1st period - Shot Misses the Net.
2:41 of 1st period - Puck is out of play.
2:42 of 1st period - Miro Aaltonen wins face-off versus Dylan Strome in Jets zone.
2:54 of 1st period - Off-side.
2:55 of 1st period - Tyler Seguin wins face-off versus Matt Duchene in neutral zone.
2:58 of 1st period - Radim Simek is hit by Dougie Hamilton and loses puck.
3:21 of 1st period - Radim Simek is hit by Adam Larsson and loses puck.
4:10 of 1st period - Slapshot by Alex Pietrangelo.
4:10 of 1st period - Stopped by Jacob Markstrom without a rebound.
4:11 of 1st period - Alex Galchenyuk wins face-off versus Tyler Seguin in Jets zone.
4:14 of 1st period - Snap shot by Alex Pietrangelo.
4:14 of 1st period - Shot Blocked by Erik Cernak.
4:16 of 1st period - Snap shot by Alex Galchenyuk.
4:16 of 1st period - Shot Blocked by Erik Cernak.
4:18 of 1st period - Slapshot by Nick Schmaltz.
4:18 of 1st period - Goal by Nick Schmaltz - Jets : 0 - Panthers : 1.
4:19 of 1st period - Matt Duchene wins face-off versus Tyler Seguin in neutral zone.
4:24 of 1st period - Wrist shot by Matt Duchene.
4:24 of 1st period - Deflect By Nick Schmaltz.
4:24 of 1st period - Stopped by Jacob Markstrom without a rebound.
4:25 of 1st period - Tyler Seguin wins face-off versus Matt Duchene in Jets zone.
4:29 of 1st period - Off-side.
4:30 of 1st period - Matt Duchene wins face-off versus Dylan Strome in neutral zone.
4:42 of 1st period - Wrist shot by Pavel Buchnevich.
4:42 of 1st period - Stopped by Jonathan Bernier without a rebound.
4:43 of 1st period - Aleksander Barkov wins face-off versus Tyler Seguin in Panthers zone.
4:52 of 1st period - Snap shot by Derick Brassard.
4:52 of 1st period - Stopped by Jacob Markstrom without a rebound.
4:53 of 1st period - Aleksander Barkov wins face-off versus Tyler Seguin in Jets zone.
4:54 of 1st period - Wrist shot by Alex Pietrangelo.
4:54 of 1st period - Stopped by Jacob Markstrom without a rebound.
4:55 of 1st period - Matt Duchene wins face-off versus Dylan Strome in Jets zone.
5:43 of 1st period - Icing by Aaron Ekblad.
5:44 of 1st period - Sam Reinhart wins face-off versus Aleksander Barkov in Panthers zone.
5:49 of 1st period - Snap shot by Dougie Hamilton.
5:49 of 1st period - Deflect By Sam Reinhart.
5:49 of 1st period - Shot Misses the Net.
5:49 of 1st period - Puck is out of play.
5:50 of 1st period - Sam Reinhart wins face-off versus Nick Schmaltz in Panthers zone.
6:17 of 1st period - Dougie Hamilton is hit by Miro Aaltonen and loses puck.
8:04 of 1st period - Anthony Mantha is hit by Matt Duchene and loses puck.
8:21 of 1st period - Snap shot by Tyler Seguin.
8:21 of 1st period - Stopped by Jonathan Bernier without a rebound.
8:22 of 1st period - Miro Aaltonen wins face-off versus Dylan Strome in Panthers zone.
8:49 of 1st period - Ryan Murray is hit by Drake Batherson and loses puck.
8:56 of 1st period - Snap shot by Aleksander Barkov.
8:56 of 1st period - Shot Misses the Net.
8:58 of 1st period - Snap shot by Drake Batherson.
8:58 of 1st period - Stopped by Jacob Markstrom with a rebound.
10:10 of 1st period - Dominik Kahun is hit by Adam Gaudette and loses puck.
10:17 of 1st period - Dougie Hamilton is hit by Dominik Kahun and loses puck.
10:38 of 1st period - Snap shot by Roope Hintz.
10:38 of 1st period - Shot Misses the Net.
10:50 of 1st period - Wrist shot by Aleksander Barkov.
10:50 of 1st period - Shot Misses the Net.
10:52 of 1st period - Snap shot by Derick Brassard.
10:52 of 1st period - Goal by Derick Brassard - Jets : 0 - Panthers : 2.
10:53 of 1st period - Dylan Strome wins face-off versus Alex Galchenyuk in neutral zone.
11:06 of 1st period - Slapshot by Alex Pietrangelo.
11:06 of 1st period - Deflect By Nick Schmaltz.
11:06 of 1st period - Shot Misses the Net.
11:06 of 1st period - Puck is out of play.
11:07 of 1st period - Aleksander Barkov wins face-off versus Dylan Strome in Jets zone.
11:12 of 1st period - Snap shot by Derick Brassard.
11:12 of 1st period - Stopped by Jacob Markstrom with a rebound.
11:34 of 1st period - Anthony Mantha is hit by Jordan Szwarz and loses puck.
12:24 of 1st period - Icing by Anthony Mantha.
12:25 of 1st period - Matt Duchene wins face-off versus Tyler Seguin in Jets zone.
13:32 of 1st period - Minor Penalty to Drake Batherson for Roughing.
13:33 of 1st period - Aleksander Barkov wins face-off versus Dylan Strome in Panthers zone.
14:15 of 1st period - Dylan Strome is hit by Radim Simek and loses puck.
14:42 of 1st period - Snap shot by Dominik Kahun.
14:42 of 1st period - Deflect By Alex Galchenyuk.
14:42 of 1st period - Stopped by Jacob Markstrom with a rebound.
15:32 of 1st period - Penalty to Drake Batherson is over, Drake Batherson is back on ice.
15:42 of 1st period - Samuel Blais is hit by Alex Pietrangelo and loses puck.
16:05 of 1st period - Mirco Mueller is hit by Alex Pietrangelo and loses puck.
17:35 of 1st period - Aleksander Barkov is hit by Samuel Blais and loses puck.
17:46 of 1st period - Snap shot by Dmitrij Jaskin.
17:46 of 1st period - Stopped by Jacob Markstrom with a rebound.
17:48 of 1st period - Slapshot by Niklas Hansson.
17:48 of 1st period - Stopped by Jacob Markstrom with a rebound.
17:50 of 1st period - Snap shot by Danny DeKeiser.
17:50 of 1st period - Shot Misses the Net.
17:52 of 1st period - Slapshot by Niklas Hansson.
17:52 of 1st period - Stopped by Jacob Markstrom without a rebound.
17:53 of 1st period - Miro Aaltonen wins face-off versus Tyler Seguin in Jets zone.
18:20 of 1st period - Pavel Buchnevich is hit by Alex Galchenyuk and loses puck.
18:46 of 1st period - Danny DeKeiser is hit by Adam Larsson and loses puck.
18:56 of 1st period - Icing by Derick Brassard.
18:57 of 1st period - Tyler Seguin wins face-off versus Drake Batherson in Panthers zone.
19:04 of 1st period - Aleksander Barkov is hit by Anthony Mantha and loses puck.
19:26 of 1st period - Icing by Niklas Hansson.
19:27 of 1st period - Matt Duchene wins face-off versus Dylan Strome in Panthers zone.
19:38 of 1st period - Snap shot by Dylan Strome.
19:38 of 1st period - Stopped by Jonathan Bernier with a rebound.
Goals for this period are 0 for Jets vs 2 for Panthers.
Shots for this period are 5 for Jets vs 12 for Panthers.

2nd period


0:01 of 2nd period - Matt Duchene wins face-off versus Dylan Strome in neutral zone.
0:06 of 2nd period - Snap shot by Matt Duchene.
0:06 of 2nd period - Shot Misses the Net.
0:31 of 2nd period - Pavel Buchnevich is hit by Jordan Szwarz and loses puck.
1:00 of 2nd period - Snap shot by Tyler Seguin.
1:00 of 2nd period - Deflect By Alex Tuch.
1:00 of 2nd period - Shot Blocked by Niklas Hansson.
1:00 of 2nd period - Puck is out of play.
1:01 of 2nd period - Tyler Seguin wins face-off versus Matt Duchene in Panthers zone.
1:08 of 2nd period - Wrist shot by Anthony Mantha.
1:08 of 2nd period - Shot Misses the Net.
1:10 of 2nd period - Snap shot by Tyler Seguin.
1:10 of 2nd period - Stopped by Jonathan Bernier with a rebound.
1:12 of 2nd period - Slapshot by Ryan Murray.
1:12 of 2nd period - Stopped by Jonathan Bernier without a rebound.
1:13 of 2nd period - Tyler Seguin wins face-off versus Alex Galchenyuk in Panthers zone.
1:16 of 2nd period - Snap shot by Anthony Mantha.
1:16 of 2nd period - Stopped by Jonathan Bernier without a rebound.
1:17 of 2nd period - Tyler Seguin wins face-off versus Nick Schmaltz in Panthers zone.
1:18 of 2nd period - Slapshot by Anthony Mantha.
1:18 of 2nd period - Stopped by Jonathan Bernier without a rebound.
1:19 of 2nd period - Tyler Seguin wins face-off versus Matt Duchene in Panthers zone.
2:25 of 2nd period - Dougie Hamilton is hit by Danny DeKeiser and loses puck.
2:34 of 2nd period - Snap shot by Dominik Kahun.
2:34 of 2nd period - Stopped by Jacob Markstrom with a rebound.
2:36 of 2nd period - Snap shot by Griffin Reinhart.
2:36 of 2nd period - Shot Misses the Net.
2:46 of 2nd period - Matt Duchene is hit by Adam Larsson and loses puck.
3:08 of 2nd period - Minor Penalty to Mirco Mueller for Roughing.
3:09 of 2nd period - Matt Duchene wins face-off versus Tyler Seguin in Jets zone.
3:11 of 2nd period - Snap shot by Matt Duchene.
3:11 of 2nd period - Shot Misses the Net.
3:23 of 2nd period - Slapshot by Matt Duchene.
3:23 of 2nd period - Shot Blocked by Adam Larsson.
3:25 of 2nd period - Snap shot by Matt Duchene.
3:25 of 2nd period - Shot Misses the Net.
5:08 of 2nd period - Penalty to Mirco Mueller is over, Mirco Mueller is back on ice.
5:45 of 2nd period - Slapshot by Samuel Blais.
5:45 of 2nd period - Shot Misses the Net.
6:22 of 2nd period - Niklas Hansson is hit by Dylan Strome and loses puck.
7:01 of 2nd period - Frank Vatrano is hit by Aaron Ekblad and loses puck.
7:12 of 2nd period - Matt Duchene is hit by Jack Roslovic and loses puck.
7:19 of 2nd period - Snap shot by Jack Roslovic.
7:19 of 2nd period - Stopped by Jonathan Bernier without a rebound.
7:20 of 2nd period - Aleksander Barkov wins face-off versus Tyler Seguin in Panthers zone.
7:20 of 2nd period - Aleksander Barkov is hit by Alex Tuch.
7:41 of 2nd period - Icing by Griffin Reinhart.
7:42 of 2nd period - Dylan Strome wins face-off versus Aleksander Barkov in Panthers zone.
7:53 of 2nd period - Snap shot by Pavel Buchnevich.
7:53 of 2nd period - Shot Blocked by Radim Simek.
7:55 of 2nd period - Snap shot by Jack Roslovic.
7:55 of 2nd period - Shot Misses the Net.
7:57 of 2nd period - Wrist shot by Jack Roslovic.
7:57 of 2nd period - Deflect By Dylan Strome.
7:57 of 2nd period - Stopped by Jonathan Bernier without a rebound.
7:58 of 2nd period - Tyler Seguin wins face-off versus Matt Duchene in Panthers zone.
8:01 of 2nd period - Snap shot by Anthony Mantha.
8:01 of 2nd period - Shot Misses the Net.
8:05 of 2nd period - Snap shot by Alex Tuch.
8:05 of 2nd period - Stopped by Jonathan Bernier without a rebound.
8:06 of 2nd period - Alex Tuch wins face-off versus Matt Duchene in Panthers zone.
8:11 of 2nd period - Wrist shot by Anthony Mantha.
8:11 of 2nd period - Stopped by Jonathan Bernier with a rebound.
8:29 of 2nd period - Slapshot by Alex Pietrangelo.
8:29 of 2nd period - Stopped by Jacob Markstrom without a rebound.
8:30 of 2nd period - Aleksander Barkov wins face-off versus Jack Roslovic in Jets zone.
8:57 of 2nd period - Troy Stetcher is hit by Alex Galchenyuk and loses puck.
9:38 of 2nd period - Adam Larsson is hit by Derick Brassard and loses puck.
10:07 of 2nd period - Adam Larsson is hit by Niklas Hansson and loses puck.
10:42 of 2nd period - Slapshot by Frank Vatrano.
10:42 of 2nd period - Shot Misses the Net.
11:29 of 2nd period - Snap shot by Dmitrij Jaskin.
11:29 of 2nd period - Stopped by Jacob Markstrom with a rebound.
11:31 of 2nd period - Wrist shot by Dmitrij Jaskin.
11:31 of 2nd period - Stopped by Jacob Markstrom without a rebound.
11:32 of 2nd period - Matt Duchene wins face-off versus Tyler Seguin in Jets zone.
11:39 of 2nd period - Snap shot by Matt Duchene.
11:39 of 2nd period - Stopped by Jacob Markstrom without a rebound.
11:40 of 2nd period - Tyler Seguin wins face-off versus Matt Duchene in Jets zone.
11:59 of 2nd period - Snap shot by Alex Galchenyuk.
11:59 of 2nd period - Deflect By Alex Tuch.
11:59 of 2nd period - Stopped by Jacob Markstrom without a rebound.
12:00 of 2nd period - Aleksander Barkov wins face-off versus Dylan Strome in Jets zone.
12:07 of 2nd period - Slapshot by Drake Batherson.
12:07 of 2nd period - Deflect By Aleksander Barkov.
12:07 of 2nd period - Stopped by Jacob Markstrom without a rebound.
12:08 of 2nd period - Aleksander Barkov wins face-off versus Dylan Strome in Jets zone.
12:29 of 2nd period - Snap shot by Aleksander Barkov.
12:29 of 2nd period - Shot Misses the Net.
12:31 of 2nd period - Snap shot by Derick Brassard.
12:31 of 2nd period - Deflect By Drake Batherson.
12:31 of 2nd period - Shot Misses the Net.
12:31 of 2nd period - Puck is out of play.
12:32 of 2nd period - Tyler Seguin wins face-off versus Matt Duchene in Jets zone.
12:34 of 2nd period - Icing by Alex Tuch.
12:35 of 2nd period - Tyler Seguin wins face-off versus Matt Duchene in Jets zone.
13:47 of 2nd period - Off-side.
13:48 of 2nd period - Dominik Kahun wins face-off versus Sam Reinhart in neutral zone.
14:00 of 2nd period - Off-side.
14:01 of 2nd period - Nick Schmaltz wins face-off versus Tyler Seguin in neutral zone.
14:27 of 2nd period - Alex Tuch is hit by Chris Bourque and loses puck.
14:44 of 2nd period - Snap shot by Tyler Seguin.
14:44 of 2nd period - Shot Misses the Net.
15:07 of 2nd period - Danny DeKeiser is hit by Erik Cernak and loses puck.
16:12 of 2nd period - Wrist shot by Roope Hintz.
16:12 of 2nd period - Deflect By Miro Aaltonen.
16:12 of 2nd period - Shot Blocked by Jordan Szwarz.
16:12 of 2nd period - Puck is out of play.
16:13 of 2nd period - Roope Hintz wins face-off versus Nick Schmaltz in Panthers zone.
16:22 of 2nd period - Wrist shot by Samuel Blais.
16:22 of 2nd period - Stopped by Jonathan Bernier without a rebound.
16:23 of 2nd period - Dylan Strome wins face-off versus Matt Duchene in Panthers zone.
16:28 of 2nd period - Snap shot by Dylan Strome.
16:28 of 2nd period - Shot Blocked by Griffin Reinhart.
17:30 of 2nd period - Tyler Seguin is hit by Jordan Szwarz and loses puck.
17:49 of 2nd period - Alex Galchenyuk is hit by Adam Larsson and loses puck.
17:58 of 2nd period - Slapshot by Jack Roslovic.
17:58 of 2nd period - Stopped by Jonathan Bernier with a rebound.
18:12 of 2nd period - Snap shot by Sam Reinhart.
18:12 of 2nd period - Shot Misses the Net.
18:30 of 2nd period - Nick Schmaltz is hit by Dougie Hamilton and loses puck.
18:41 of 2nd period - Snap shot by Tyler Seguin.
18:41 of 2nd period - Deflect By Anthony Mantha.
18:41 of 2nd period - Shot Blocked by Matt Duchene.
18:41 of 2nd period - Puck is out of play.
18:42 of 2nd period - Dylan Strome wins face-off versus Aleksander Barkov in Panthers zone.
18:54 of 2nd period - Snap shot by Jack Roslovic.
18:54 of 2nd period - Shot Misses the Net.
18:56 of 2nd period - Wrist shot by Pavel Buchnevich.
18:56 of 2nd period - Shot Misses the Net.
18:58 of 2nd period - Slapshot by Pavel Buchnevich.
18:58 of 2nd period - Shot Misses the Net.
19:13 of 2nd period - Alex Pietrangelo is hit by Troy Stetcher and loses puck.
19:28 of 2nd period - Matt Martin is hit by Alex Pietrangelo and loses puck.
19:39 of 2nd period - Slapshot by Alex Pietrangelo.
19:39 of 2nd period - Shot Misses the Net.
19:54 of 2nd period - Snap shot by Drake Batherson.
19:54 of 2nd period - Shot Hit the Post.
Goals for this period are 0 for Jets vs 0 for Panthers.
Shots for this period are 10 for Jets vs 7 for Panthers.

3rd period


0:01 of 3rd period - Dylan Strome wins face-off versus Matt Duchene in neutral zone.
0:04 of 3rd period - Slapshot by Adam Larsson.
0:04 of 3rd period - Stopped by Jonathan Bernier with a rebound.
0:08 of 3rd period - Snap shot by Dylan Strome.
0:08 of 3rd period - Stopped by Jonathan Bernier without a rebound.
0:09 of 3rd period - Dylan Strome wins face-off versus Nick Schmaltz in Panthers zone.
0:32 of 3rd period - Wrist shot by Nick Schmaltz.
0:32 of 3rd period - Shot Misses the Net.
0:41 of 3rd period - Off-side.
0:42 of 3rd period - Tyler Seguin wins face-off versus Aleksander Barkov in neutral zone.
0:47 of 3rd period - Snap shot by Tyler Seguin.
0:47 of 3rd period - Shot Misses the Net.
1:09 of 3rd period - Danny DeKeiser is hit by Roope Hintz and loses puck.
1:14 of 3rd period - Wrist shot by Samuel Blais.
1:14 of 3rd period - Shot Misses the Net.
1:59 of 3rd period - Chris Bourque is hit by Pavel Buchnevich and loses puck.
2:04 of 3rd period - Snap shot by Dylan Strome.
2:04 of 3rd period - Shot Misses the Net.
2:06 of 3rd period - Slapshot by Ryan Murray.
2:06 of 3rd period - Shot Blocked by Alex Pietrangelo.
2:08 of 3rd period - Snap shot by Troy Stetcher.
2:08 of 3rd period - Stopped by Jonathan Bernier without a rebound.
2:09 of 3rd period - Matt Duchene wins face-off versus Tyler Seguin in Panthers zone.
3:22 of 3rd period - Snap shot by Alex Galchenyuk.
3:22 of 3rd period - Stopped by Jacob Markstrom without a rebound.
3:23 of 3rd period - Matt Duchene wins face-off versus Dylan Strome in Jets zone.
3:29 of 3rd period - Off-side.
3:30 of 3rd period - Matt Duchene wins face-off versus Dylan Strome in neutral zone.
3:47 of 3rd period - Snap shot by Pavel Buchnevich.
3:47 of 3rd period - Shot Misses the Net.
3:49 of 3rd period - Snap shot by Jack Roslovic.
3:49 of 3rd period - Stopped by Jonathan Bernier without a rebound.
3:50 of 3rd period - Aleksander Barkov wins face-off versus Tyler Seguin in Panthers zone.
3:50 of 3rd period - Aleksander Barkov is hit by Anthony Mantha.
4:06 of 3rd period - Slapshot by Drake Batherson.
4:06 of 3rd period - Shot Misses the Net.
4:22 of 3rd period - Off-side.
4:23 of 3rd period - Dylan Strome wins face-off versus Miro Aaltonen in neutral zone.
4:28 of 3rd period - Slapshot by Ryan Murray.
4:28 of 3rd period - Shot Blocked by Jordan Szwarz.
4:30 of 3rd period - Snap shot by Jack Roslovic.
4:30 of 3rd period - Shot Misses the Net.
4:32 of 3rd period - Slapshot by Troy Stetcher.
4:32 of 3rd period - Stopped by Jonathan Bernier without a rebound.
4:33 of 3rd period - Matt Duchene wins face-off versus Dylan Strome in Panthers zone.
4:35 of 3rd period - Icing by Alex Galchenyuk.
4:36 of 3rd period - Dylan Strome wins face-off versus Matt Duchene in Panthers zone.
4:53 of 3rd period - Wrist shot by Pavel Buchnevich.
4:53 of 3rd period - Shot Misses the Net.
5:05 of 3rd period - Danny DeKeiser is hit by Dougie Hamilton and loses puck.
5:30 of 3rd period - Slapshot by Frank Vatrano.
5:30 of 3rd period - Stopped by Jonathan Bernier without a rebound.
5:31 of 3rd period - Miro Aaltonen wins face-off versus Roope Hintz in Panthers zone.
5:47 of 3rd period - Wrist shot by Chris Bourque.
5:47 of 3rd period - Shot Blocked by Samuel Blais.
5:57 of 3rd period - Slapshot by Erik Cernak.
5:57 of 3rd period - Shot Misses the Net.
6:28 of 3rd period - Snap shot by Roope Hintz.
6:28 of 3rd period - Goal by Roope Hintz - Jets : 1 - Panthers : 2.
6:29 of 3rd period - Matt Duchene wins face-off versus Dylan Strome in neutral zone.
6:55 of 3rd period - Derick Brassard is hit by Dougie Hamilton and loses puck.
8:16 of 3rd period - Wrist shot by Sam Reinhart.
8:16 of 3rd period - Shot Misses the Net.
8:38 of 3rd period - Slapshot by Miro Aaltonen.
8:38 of 3rd period - Stopped by Jacob Markstrom with a rebound.
8:40 of 3rd period - Slapshot by Chris Bourque.
8:40 of 3rd period - Stopped by Jacob Markstrom with a rebound.
8:42 of 3rd period - Slapshot by Alex Pietrangelo.
8:42 of 3rd period - Shot Misses the Net.
8:44 of 3rd period - Snap shot by Chris Bourque.
8:44 of 3rd period - Shot Misses the Net.
8:46 of 3rd period - Snap shot by Chris Bourque.
8:46 of 3rd period - Shot Blocked by Troy Stetcher.
8:48 of 3rd period - Slapshot by Aaron Ekblad.
8:48 of 3rd period - Stopped by Jacob Markstrom without a rebound.
8:49 of 3rd period - Dylan Strome wins face-off versus Matt Duchene in Jets zone.
8:49 of 3rd period - Dylan Strome is hit by Niklas Hansson.
9:25 of 3rd period - Snap shot by Tyler Seguin.
9:25 of 3rd period - Stopped by Jonathan Bernier with a rebound.
9:59 of 3rd period - Matt Duchene is hit by Pavel Buchnevich and loses puck.
10:49 of 3rd period - Snap shot by Nikolay Goldobin.
10:49 of 3rd period - Stopped by Jacob Markstrom with a rebound.
10:51 of 3rd period - Wrist shot by Jordan Szwarz.
10:51 of 3rd period - Shot Misses the Net.
10:53 of 3rd period - Wrist shot by Jordan Szwarz.
10:53 of 3rd period - Shot Blocked by Adam Larsson.
11:09 of 3rd period - Dougie Hamilton is hit by Radim Simek and loses puck.
11:21 of 3rd period - Icing by Dougie Hamilton.
11:22 of 3rd period - Dominik Kahun wins face-off versus Dylan Strome in Jets zone.
11:33 of 3rd period - Dmitrij Jaskin is hit by Jack Roslovic and loses puck.
11:48 of 3rd period - Erik Cernak is hit by Nick Schmaltz and loses puck.
12:09 of 3rd period - Drake Batherson is hit by Sam Reinhart and loses puck.
13:01 of 3rd period - Griffin Reinhart is hit by Dylan Strome and loses puck.
13:17 of 3rd period - Alex Pietrangelo is hit by Tyler Seguin and loses puck.
13:38 of 3rd period - Wrist shot by Drake Batherson.
13:38 of 3rd period - Deflect By Aleksander Barkov.
13:38 of 3rd period - Stopped by Jacob Markstrom without a rebound.
13:39 of 3rd period - Jack Roslovic wins face-off versus Aleksander Barkov in Jets zone.
13:39 of 3rd period - Jack Roslovic is hit by Derick Brassard.
13:45 of 3rd period - Drake Batherson is hit by Adam Larsson and loses puck.
14:04 of 3rd period - Slapshot by Aleksander Barkov.
14:04 of 3rd period - Stopped by Jacob Markstrom with a rebound.
14:06 of 3rd period - Wrist shot by Aleksander Barkov.
14:06 of 3rd period - Shot Misses the Net.
14:08 of 3rd period - Slapshot by Niklas Hansson.
14:08 of 3rd period - Shot Misses the Net.
14:10 of 3rd period - Slapshot by Drake Batherson.
14:10 of 3rd period - Shot Blocked by Alex Tuch.
14:12 of 3rd period - Slapshot by Danny DeKeiser.
14:12 of 3rd period - Shot Misses the Net.
14:14 of 3rd period - Wrist shot by Derick Brassard.
14:14 of 3rd period - Stopped by Jacob Markstrom with a rebound.
14:16 of 3rd period - Slapshot by Niklas Hansson.
14:16 of 3rd period - Stopped by Jacob Markstrom without a rebound.
14:17 of 3rd period - Dylan Strome wins face-off versus Matt Duchene in Jets zone.
15:11 of 3rd period - Wrist shot by Anthony Mantha.
15:11 of 3rd period - Stopped by Jonathan Bernier with a rebound.
15:16 of 3rd period - Off-side.
15:17 of 3rd period - Matt Duchene wins face-off versus Tyler Seguin in neutral zone.
15:24 of 3rd period - Snap shot by Matt Duchene.
15:24 of 3rd period - Shot Blocked by Tyler Seguin.
15:26 of 3rd period - Slapshot by Niklas Hansson.
15:26 of 3rd period - Shot Blocked by Adam Larsson.
15:28 of 3rd period - Wrist shot by Matt Duchene.
15:28 of 3rd period - Shot Misses the Net.
15:30 of 3rd period - Wrist shot by Matt Duchene.
15:30 of 3rd period - Stopped by Jacob Markstrom without a rebound.
15:31 of 3rd period - Matt Duchene wins face-off versus Tyler Seguin in Jets zone.
15:36 of 3rd period - Wrist shot by Matt Duchene.
15:36 of 3rd period - Shot Blocked by Adam Larsson.
15:38 of 3rd period - Slapshot by Alex Pietrangelo.
15:38 of 3rd period - Stopped by Jacob Markstrom with a rebound.
15:40 of 3rd period - Slapshot by Aaron Ekblad.
15:40 of 3rd period - Stopped by Jacob Markstrom without a rebound.
15:41 of 3rd period - Matt Duchene wins face-off versus Tyler Seguin in Jets zone.
15:42 of 3rd period - Slapshot by Alex Pietrangelo.
15:42 of 3rd period - Shot Misses the Net.
16:05 of 3rd period - Snap shot by Matt Duchene.
16:05 of 3rd period - Shot Blocked by Tyler Seguin.
16:07 of 3rd period - Slapshot by Nick Schmaltz.
16:07 of 3rd period - Shot Misses the Net.
16:09 of 3rd period - Backhand shot by Matt Duchene.
16:09 of 3rd period - Stopped by Jacob Markstrom with a rebound.
16:11 of 3rd period - Wrist shot by Nick Schmaltz.
16:11 of 3rd period - Shot Misses the Net.
16:13 of 3rd period - Slapshot by Aaron Ekblad.
16:13 of 3rd period - Shot Blocked by Erik Cernak.
16:15 of 3rd period - Slapshot by Aaron Ekblad.
16:15 of 3rd period - Stopped by Jacob Markstrom with a rebound.
16:17 of 3rd period - Wrist shot by Matt Duchene.
16:17 of 3rd period - Stopped by Jacob Markstrom with a rebound.
16:54 of 3rd period - Wrist shot by Alex Galchenyuk.
16:54 of 3rd period - Stopped by Jacob Markstrom without a rebound.
16:55 of 3rd period - Miro Aaltonen wins face-off versus Sam Reinhart in Jets zone.
16:56 of 3rd period - Wrist shot by Chris Bourque.
16:56 of 3rd period - Shot Blocked by Troy Stetcher.
16:58 of 3rd period - Slapshot by Danny DeKeiser.
16:58 of 3rd period - Deflect By Chris Bourque.
16:58 of 3rd period - Shot Misses the Net.
16:58 of 3rd period - Puck is out of play.
16:59 of 3rd period - Miro Aaltonen wins face-off versus Sam Reinhart in Jets zone.
17:51 of 3rd period - Snap shot by Pavel Buchnevich.
17:51 of 3rd period - Shot Misses the Net.
17:53 of 3rd period - Wrist shot by Dylan Strome.
17:53 of 3rd period - Deflect By Griffin Reinhart.
17:53 of 3rd period - Shot Misses the Net.
17:53 of 3rd period - Puck is out of play.
17:54 of 3rd period - Aleksander Barkov wins face-off versus Dylan Strome in Panthers zone.
18:17 of 3rd period - Minor Penalty to Dougie Hamilton for Holding.
18:18 of 3rd period - Matt Duchene wins face-off versus Tyler Seguin in Jets zone.
18:47 of 3rd period - Adam Larsson is hit by Aaron Ekblad and loses puck.
Goals for this period are 1 for Jets vs 0 for Panthers.
Shots for this period are 9 for Jets vs 16 for Panthers.